 Dungeon Crawl Stone Soup version 0.18.1-50-g88ac8fd (webtiles) character file.

728310 Chiseanne the Intangible (level 27, -19/140 HPs)
             Began as a Spriggan Assassin on Apr 4, 2017.
             Was an Initiate of Gozag.
             Killed from afar by Lom Lobon (60 damage)
             ... with a great icy blast
             ... in Pandemonium on Apr 23, 2017.
             The game lasted 10:47:26 (127980 turns).

Chiseanne the Intangible (Spriggan Assassin)      Turns: 127980, Time: 10:47:27

Health: -19/140    AC: 12    Str: 11    XL:     27
Magic:  43/51      EV: 45    Int: 19    God:    Gozag
Gold:   3606       SH: 16    Dex: 26    Spells: 17 memorised, 5 levels left

rFire  + + .     SeeInvis +     s - +6 quick blade (pierce)
rCold  + . .     Gourm    .     J - +1 robe "Yscheqayh" {rElec rPois rF+ Str+4}
rNeg   + + .     Faith    .     L - +3 buckler {AC+3}
rPois  +         Spirit   .     h - +3 crown of Dyrovepreva {rElec Int+2 SInv}
rElec  +         Dismiss  .     B - +2 cloak of the Dungeon {Int+6}
rCorr  +         Reflect  .     (gloves unavailable)
SustAt .         Harm     .     (boots unavailable)
MR     ++++.                    S - macabre finger necklace {rN+}
Stlth  ++++++++++               q - ring of Shadows {Umbra +Inv rN+ SInv}
                                A - ring "Jeurigib" {+Inv rC+ Slay+4}
                                t - ring of Geipliac {rCorr rF+ SInv Stlth+}

@: wreathed by umbra, repel missiles, very quick, incredibly resistant to
hostile enchantments, uncannily stealthy
A: unfitting armour, see invisible, clumsy 1, dopey 2, herbivore 3, speed 3,
screaming 1, slow metabolism 2
a: Potion Petition, Call Merchant, Bribe Branch, Renounce Religion, Evoke
Invisibility
}: 4/15 runes: serpentine, barnacled, slimy, silver


You were in Pandemonium.
You worshipped Gozag.
Gozag was noncommittal.
You were very full.

You visited 14 branches of the dungeon, and saw 64 of its levels.
You visited Pandemonium 1 time, and saw 20 of its levels.
You visited 1 ziggurat, and saw 13 of its levels.
You also visited: Labyrinth, Bailey and Volcano.

You collected 41785 gold pieces.
You spent 13923 gold pieces at shops.
You paid 24256 gold pieces to Gozag.

Inventory:

Hand Weapons
 a - a +9 rapier of electrocution
 d - a +4 falchion of holy wrath
 s - a +6 quick blade of piercing (weapon)
 w - a +3 blowgun of evasion
Missiles
 k - 61 tomahawks
 m - 6 tomahawks of returning
 D - 26 throwing nets (quivered) {!*}
 U - 32 curare-tipped needles {!*}
Armour
 h - the +3 crown of Dyrovepreva (worn) {rElec Int+2 SInv}
   (You bought it in a shop on level 15 of the Dungeon)

   It affects your intelligence (+2).
   It insulates you from electricity.
   It lets you see invisible.
 B - the +2 cloak of the Dungeon (worn) {Int+6}
   (You found it on level 6 of the Pits of Slime)

   It affects your intelligence (+6).
 J - the +1 robe "Yscheqayh" (worn) {rElec rPois rF+ Str+4}
   (You bought it in a shop on level 1 of the Vaults)

   It affects your strength (+4).
   It protects you from fire.
   It insulates you from electricity.
   It protects you from poison.
 L - a +3 buckler of protection (worn)
Rods
 H - a +7 rod of clouds (16/16)
   (You found it in a labyrinth)
 R - a +9 rod of shadows (17/17)
   (You found it on level 3 of the Vaults)
Jewellery
 q - the ring of Shadows (right hand) {Umbra +Inv rN+ SInv}
   (You bought it in a shop on level 9 of the Dungeon)

   [ring of positive energy]

   It protects you from negative energy.
   It lets you see invisible.
   It lets you turn invisible.
 t - the ring of Geipliac (on amulet) {rCorr rF+ SInv Stlth+}
   (You found it on level 14 of the Dungeon)

   [ring of resist corrosion]

   It protects you from fire.
   It lets you see invisible.
   It makes you more stealthy.
 A - the ring "Jeurigib" (left hand) {+Inv rC+ Slay+4}
   (You bought it in a shop on level 13 of the Dungeon)

   [ring of slaying]

   It affects your accuracy and damage with ranged weapons and melee attacks
   (+4).
   It protects you from cold.
   It lets you turn invisible.
 S - the macabre finger necklace (around neck) {rN+}
   (You bought it in a shop on level 15 of the Dungeon)

   [amulet of nothing]

   It protects you from negative energy.
Wands
 c - a wand of digging (9/24)
 f - a wand of teleportation (3/9)
 O - a wand of digging (5/24)
 Q - a wand of disintegration (16/24)
Scrolls
 b - 6 scrolls of teleportation
 e - a scroll of brand weapon
 i - 2 scrolls of silence
 l - 7 scrolls of fog
 n - 5 scrolls of holy word
 p - 11 scrolls of magic mapping
 u - 8 scrolls of immolation
 z - 2 scrolls of recharging
 G - 19 scrolls of remove curse
 K - a scroll of fear
 P - 6 scrolls of blinking
 T - 22 scrolls of identify
 V - 3 scrolls of enchant weapon
 X - a scroll of summoning
Potions
 j - 2 potions of might
 r - 12 potions of curing
 v - 2 potions of agility
 x - a potion of brilliance
 y - a potion of beneficial mutation
 F - a potion of invisibility
 M - 10 potions of flight
 N - 6 potions of resistance
Miscellaneous
 o - a phial of floods
 C - a stone of tremors
 E - a fan of gales
 I - a lamp of fire
 W - a sack of spiders
 Y - the horn of Geryon
 Z - a box of beasts {used: 2}
Comestibles
 g - 20 bread rations


   Skills:
 - Level 13.1 Fighting
 - Level 20.6 Short Blades
   Level 6.5(14.3) Slings
 * Level 16.6(16.9) Throwing
 - Level 0.1 Armour
 O Level 27 Dodging
 - Level 24.0 Stealth
 * Level 17.8 Shields
 * Level 23.4 Spellcasting
 - Level 5.2 Conjurations
 - Level 10.5 Hexes
 - Level 7.3 Charms
 - Level 21.0 Translocations
   Level 13.4 Poison Magic
 - Level 14.0 Evocations


You had 5 spell levels left.
You knew the following spells:

 Your Spells              Type           Power        Failure   Level  Hunger
a - Confuse               Hex            ######..     1%          3    None
b - Dazzling Spray        Conj/Hex       ######       1%          3    None
c - Shroud of Golubria    Chrm/Tloc      ######....   0%          2    None
d - Disjunction           Tloc           #######...   3%          8    ######.
e - Summon Forest         Summ/Tloc      ######....   1%          5    None
f - Passage of Golubria   Tloc           N/A          0%          4    None
g - Aura of Abjuration    Summ           ###.......   63%         5    None
h - Apportation           Tloc           #######...   0%          1    None
i - Passwall              Trmt/Erth      ###.......   3%          2    None
j - Controlled Blink      Tloc           N/A          3%          8    ######.
k - Blink                 Tloc           N/A          0%          2    None
n - Silence               Hex/Air        #####.....   8%          5    None
o - Repel Missiles        Chrm/Air       #####.       1%          2    None
p - Ozocubu's Armour      Chrm/Ice       #####...     1%          3    None
q - Haste                 Chrm           ######..     17%         6    ###....
r - Yara's Violent Unrav  Hex/Trmt       #####.....   8%          5    None
s - Regeneration          Chrm/Necr      #####.....   1%          3    None


Dungeon Overview and Level Annotations

Branches:
Dungeon (15/15)            Temple (1/1) D:4            Lair (8/8) D:11
 Shoals (4/4) Lair:3        Snake (4/4) Lair:4        Slime (6/6) Lair:7
    Orc (2/2) D:9             Elf (3/3) Orc:2        Vaults (5/5) D:13
  Crypt (3/3) Vaults:2       Tomb (0/3) Crypt:3      Depths (5/5) D:15
   Hell (1/1)                 Dis (2/7) Hell            Zot (5/5) Depths:5
    Geh: Hell:1         Coc: Hell:1         Tar: Hell:1

Altars:
Ashenzari
Cheibriados
Dithmenos
Elyvilon
Fedhas
Gozag
Kikubaaqudgha
Makhleb
Nemelex Xobeh
Okawaru
Pakellas
Qazlal
Ru
Sif Muna
Trog
Vehumet
Xom
Yredelemnul
Zin
The Shining One
Beogh
Jiyva

Shops:
D:4 :*!   D:8 ([   D:9 =   D:11 ((   D:13 =?   D:14 }   D:15 [(=(?*[=
Orc:2 ==?(   Elf:1 =   Elf:3 !   Vaults:1 [   Vaults:4 }   Vaults:5 [
Depths:5 **

Portals:
Hell: Depths:1 Depths:2 Depths:3 Depths:4 Depths:5
Abyss: Depths:1 Depths:2 Depths:4
Pandemonium: Depths:3 Depths:4 Depths:5

Annotations:
D:7 exclusion: door
D:10 ciphuk's ghost, novice FeBe
D:13 4 runed doors
D:14 exclusion: Roxanne, Roxanne
Lair:5 exclusion: downstairs
Slime:2 exclusion: upstairs
Slime:6 exclusion: upstairs
Elf:2 3 runed doors
Elf:3 exclusion: orange crystal statue
Crypt:1 exclusion: downstairs
Crypt:3 exclusion: 3 doors
Depths:5 2 runed doors
Pan Lom Lobon


Innate Abilities, Weirdness & Mutations

You are tiny and cannot use many weapons and most armour.
You have supernaturally acute eyesight.
You are a herbivore.
You cover ground extremely quickly.
You need consume almost no food.
You are clumsy. (Dex -2)
You are very dopey. (Int -4)
You occasionally shout uncontrollably at your foes.


Message History

Press: ? - help, Shift-Dir - straight line, f - you, p - Lom Lobon
Okay, then.
Throwing (i - inventory. (,) - cycle):
D - 28 throwing nets (quivered)
{!*}
Press: ? - help, Shift-Dir - straight line, f/p - Lom Lobon
Aim: Lom Lobon (heavily wounded, surrounded by restless winds, umbra) Really fire
D - 28 throwing nets {!*}?
You throw a throwing net {!*}. The throwing net {!*} misses Lom Lobon.
You are engulfed in freezing vapours.
You resist.
Throwing (i - inventory. (,) - cycle):
D - 27 throwing nets (quivered)
{!*}
Press: ? - help, Shift-Dir - straight line, f/p - Lom Lobon
Aim: Lom Lobon (heavily wounded, surrounded by restless winds, umbra) Really fire
D - 27 throwing nets {!*}?
You throw a throwing net {!*}. The throwing net {!*} misses Lom Lobon.
You are engulfed in freezing vapours.
You resist.
* * * LOW HITPOINT WARNING * * *
Lom Lobon gestures at you.
Lom Lobon conjures a mighty blast of ice!
The great icy blast engulfs you! You partially resist.
You die...
Your body crumbles into a pile of gold.

.........#***#.....§§§§§§§§#**,,,
.........#,* #.....§...(§§§# **,,
........##.# *#....§....§§#* ***
.......###.# ###.......### *
#.###..# #.# ###...### *# #.#
#..# #.# ##...## ###≈ ..#
#..###.# ###..≈## ##≈≈≈
#####...##.# ##§§&≈≈≈## #≈≈≈≈
........##.# #§§@§≈≈≈≈## ##≈≈≈≈
#####.#....# #§§§§≈≈≈≈≈### #.≈≈≈≈
* #.####.# #§§§§.≈≈≈≈≈≈###.≈≈≈≈ *
#.# #.#*#§§§§.≈≈≈≈.......≈≈≈ *
#.* #.#≈#§§§§..)..≈≈≈.....≈≈ #.*
#.#≈##§§§≈≈≈≈≈≈≈≈###...≈ #.*
#.#≈*##.≈≈≈≈≈≈≈≈##*##...
#.####.#≈≈*###≈≈≈≈####≈≈≈###.
#......#≈≈≈**######≈≈≈≈≈≈≈≈##


You could see Lom Lobon.

Vanquished Creatures
  the Royal Jelly (Slime:6)
  A pandemonium lord (Pan)
  An ancient lich (Crypt:3)
  Sojobo (Crypt:2)
  Frederick (Vaults:5)
  Saint Roka (Vaults:4)
  Margery (Crypt:1)
  A curse toe (Zot:4)
  The ghost of ciphuk the Sensei, a veteran MfMo of Ru (Vaults:5)
  A Killer Klown (Zig:8)
  2 caustic shrikes
  Geryon (Hell)
  5 golden dragons
  A pearl dragon (Depths:4)
  the Enchantress (Depths:4)
  Xtahua (Vaults:3)
  Jory (Vaults:4)
  A bone dragon (Depths:5)
  Jorgrun (Vaults:1)
  3 liches
  An electric golem (Zot:1)
  12 tentacled monstrosities
  A Hell Sentinel (Pan)
  A shard shrike skeleton (Crypt:2)
  2 deep elf blademasters (Elf:3)
  6 titans
  4 sphinxes
  10 death cobs
  An Executioner (Dis:2)
  A quicksilver dragon (Zig:12)
  26 acid blobs
  Agnes (D:14)
  Frances (Snake:2)
  2 deep elf master archers (Elf:3)
  12 storm dragons
  4 shadow dragons
  10 tengu reavers
  2 ancient champions (Crypt:3)
  Kirke (D:15)
  7 draconian monks
  3 daevas (Depths:4)
  2 revenants (Crypt:1)
  11 greater nagas
  10 fire giants
  Donald (Elf:3)
  4 iron dragons
  11 azure jellies
  6 draconian scorchers
  19 vault wardens
  An orc warlord (Vaults:4)
  8 frost giants
  4 angels
  A black sun (Pan)
  5 draconian knights
  The ghost of ciphuk the Scorcher, an adept DEFE of Vehumet (Snake:2)
  3 deep elf sorcerers
  Aizul (Elf:3)
  Maud (Orc:2)
  4 ghost moths
  4 deep elf elementalists (Elf:3)
  4 spriggan defenders
  4 draconian shifters
  A cacodemon (Pan)
  3 ghouls
  5 draconian zealots
  23 ironheart preservers
  34 stone giants
  3 warmongers (Pan)
  A caustic shrike skeleton (Crypt:2)
  4 draconian annihilators
  3 war gargoyles
  5 draconian callers
  6 vampire knights
  A blood saint (Pan)
  8 deep elf annihilators
  2 salamander stormcallers
  4 chaos champions (Pan)
  4 lorocyprocas (Pan)
  11 green draconians
  11 deep elf demonologists
  11 white draconians
  25 very ugly things
  A mottled draconian (Zig:7)
  8 purple draconians
  14 red draconians
  9 yellow draconians
  13 black draconians
  7 spark wasps
  An eidolon (Crypt:2)
  Snorg (Orc:2)
  20 ettins
  8 deep elf death magi
  3 merfolk javelineers (Shoals:4)
  4 death oozes
  3 merfolk impalers (Shoals:4)
  2 crystal guardians
  A green death (Depths:3)
  A minotaur (Lab)
  34 vault guards
  29 fire dragons
  A fire dragon (shapeshifter) (Depths:2)
  15 naga warriors
  2 jiangshi (Crypt:2)
  13 entropy weavers
  5 deep elf high priests
  16 yaktaur captains
  Fannar (D:10)
  3 hydras
  23 ice dragons
  13 great orbs of eyes
  4 rakshasas
  A hell beast (Depths:1)
  Harold (D:11)
  A ghost crab (shapeshifter) (Vaults:3)
  4 spriggan air magi
  A catoblepas (D:15)
  Erica (D:11)
  2 monstrous demonspawn
  21 ogre magi
  16 centaur warriors
  7 death yaks
  An alligator snapping turtle (shapeshifter) (Zig:8)
  2 death knights
  14 anacondas
  2 merfolk aquamancers
  Urug (D:15)
  6 vampire magi
  10 tengu warriors
  2 satyrs
  A titan zombie (Crypt:3)
  19 deep troll shamans
  18 naga sharpshooters
  10 shock serpents
  20 deep troll earth magi
  8 orc high priests
  7 soul eaters
  10 spriggan berserkers
  A spectral storm dragon (Depths:2)
  19 spriggans
  18 deep elf knights
  2 fire crabs (Vaults:1)
  7 iron trolls
  2 shadow wraiths (Vaults:4)
  3 salamander mystics
  29 skeletal warriors
  A death drake (shapeshifter) (Depths:4)
  3 death drakes (Zig:12)
  68 deep trolls
  22 hell knights
  6 cherubim (Depths:4)
  3 giant orange brains
  A golden dragon zombie (Crypt:3)
  3 unseen horrors (D:15)
  5 flayed ghosts
  2 swamp dragons (Zig:12)
  10 sea snakes
  A putrid demonspawn (Pan)
  21 ironbrand convokers
  9 naga ritualists
  An infernal demonspawn (Depths:3)
  17 deep elf archers
  16 orc knights
  A gelid demonspawn (Pan)
  3 lindwurms (Snake:4)
  A torturous demonspawn (Pan)
  13 necromancers
  A harpy (shapeshifter) (Vaults:2)
  7 harpies
  3 hill giants
  11 phantasmal warriors
  Pikel (D:7)
  The ghost of Chiseanne the Covert, a novice SpAs of Gozag (Bailey)
  2 wolf spider zombies
  60 deep elf magi
  An orb spider (shapeshifter) (Vaults:4)
  2 shining eyes
  7 fauns (Shoals:1)
  13 mana vipers
  A shadow dragon skeleton (Vaults:5)
  A hornet (shapeshifter) (Vaults:5)
  4 wolf spiders
  A stone giant zombie (Vaults:2)
  A fire giant zombie (Vaults:2)
  63 ugly things
  8 cyclopes
  3 wizards
  9 oklob plants
  A salamander (shapeshifter) (Vaults:4)
  8 manticores
  4 hornets
  19 moths of wrath
  15 griffons
  10 salamanders
  An orc sorcerer (Orc:1)
  A sphinx skeleton (Vaults:4)
  A frost giant skeleton (Crypt:3)
  4 sixfirhies (Pan)
  11 guardian serpents
  2 apocalypse crabs (Zig:8)
  14 sirens
  7 rust devils
  A stone giant skeleton (Vaults:5)
  21 elephants
  29 black mambas
  3 water nymphs
  10 vault sentinels
  A torpor snail (Lair:6)
  17 naga magi
  2 smoke demons (Pan)
  2 gargoyles
  5 orange demons
  6 rime drakes
  3 swamp worm zombies (Crypt:1)
  8 centaur skeletons
  A demonic crawler (Pan)
  A dire elephant skeleton (Crypt:3)
  A hellion (Dis:1)
  A rime drake (shapeshifter) (Elf:3)
  9 spiny frogs
  7 komodo dragons
  2 catoblepas zombies
  2 tormentors
  A spriggan druid (Lair:8)
  A tengu conjurer (Depths:5)
  A yaktaur skeleton (Vaults:1)
  A harpy zombie (Dis:1)
  4 ice devils
  4 hellwings
  8 freezing wraiths
  3 red devils
  74 yaktaurs
  14 merfolk
  A queen bee (shapeshifter) (Zig:11)
  9 polar bears
  4 jumping spiders
  16 trolls
  A wind drake (Shoals:1)
  2 polar bears (shapeshifter)
  A wind drake (shapeshifter) (Elf:2)
  A slime creature (shapeshifter) (Vaults:1)
  34 two-headed ogres
  11 blink frogs
  6 boulder beetles
  75 slime creatures
  3 snapping turtles (Shoals:4)
  A raiju (shapeshifter) (Vaults:4)
  A satyr zombie (Crypt:2)
  An ettin zombie (Crypt:3)
  A stone giant simulacrum (Vaults:3)
  An alligator zombie (Crypt:1)
  27 redbacks
  A spriggan (shapeshifter) (Depths:2)
  Sigmund (D:2)
  37 flying skulls
  3 shadows
  A deep troll skeleton (Depths:1)
  An ettin skeleton (Vaults:4)
  A tarantella (Depths:3)
  11 water elementals
  8 air elementals
  A wyvern (shapeshifter) (Vaults:2)
  An elf zombie (Vaults:5)
  3 ynoxinuls (Pan)
  A spriggan simulacrum (Depths:1)
  8 vampires
  10 wyverns
  A basilisk (shapeshifter) (Vaults:2)
  6 wraiths
  2 humans (shapeshifter)
  37 yaks
  2 fire elementals
  11 hippogriffs
  A human (D:7)
  2 basilisks
  7 chaos spawn
  4 hogs
  A hungry ghost (D:14)
  Grum (D:10)
  A fire bat (shapeshifter) (Vaults:5)
  3 neqoxecs
  A golden eye (Slime:6)
  A steam dragon (Zig:12)
  3 vampire mosquitoes (D:13)
  7 mottled dragons
  11 wargs
  Menkaure (D:7)
  A soldier ant (D:12)
  A swamp worm (shapeshifter) (Vaults:5)
  48 nagas
  A giant eyeball (Depths:2)
  A porcupine (shapeshifter) (Vaults:2)
  10 porcupines
  19 water moccasins
  A giant eyeball (shapeshifter) (Zig:8)
  A black bear (shapeshifter) (Vaults:4)
  11 wasps
  58 orc warriors
  9 black bears
  2 ice beasts
  2 sky beasts
  2 swamp drakes (Zig:12)
  2 boggarts (Elf:1)
  7 necrophages
  76 ogres
  4 phantoms
  28 wolves
  4 eyes of draining
  An elf skeleton (Vaults:4)
  A crocodile (shapeshifter) (Depths:5)
  A human skeleton (Vaults:2)
  13 centaurs
  A snapping turtle skeleton (Crypt:3)
  16 crocodiles
  2 big kobolds
  A big kobold (shapeshifter) (Depths:2)
  26 giant frogs
  8 gnoll sergeants (Bailey)
  2 earth elementals (Elf:3)
  5 scorpions
  8 killer bees
  A troll skeleton (Dis:1)
  9 howler monkeys
  23 wights
  23 jellies
  5 lava snakes (Lair:6)
  9 crimson imps
  3 quasits
  A human simulacrum (Vaults:1)
  15 human zombies
  A wasp zombie (D:12)
  6 hounds
  39 orc priests
  7 gnoll shamans
  21 orc wizards
  12 iron imps
  Jessica (D:3)
  14 iguanas
  9 worker ants
  13 sheep
  A mottled dragon zombie (Crypt:2)
  A big kobold zombie (Crypt:2)
  A tengu zombie (Crypt:2)
  A killer bee zombie (D:11)
  A demigod skeleton (Crypt:1)
  4 mummies (Dis:1)
  A howler monkey zombie (D:9)
  4 worker ant zombies
  2 howler monkey skeletons
  26 gnolls
  A hell rat skeleton (Crypt:1)
  17 adders
  73 river rats
  8 shadow imps
  A steam dragon skeleton (Crypt:2)
  4 white imps
  3 oozes (D:3)
  An adder zombie (D:7)
  3 adder skeletons
  3 worms
  A dart slug (D:4)
  5 giant geckos
  122 orcs
  A ball python (shapeshifter) (Depths:3)
  10 bats
  8 giant cockroaches
  A gnoll zombie (Crypt:2)
  6 hobgoblins
  11 jackals
  A jackal (shapeshifter) (Depths:1)
  A kobold (shapeshifter) (Vaults:5)
  4 quokkas
  4 ball pythons
  8 giant newts
  3 goblins
  18 kobolds
  2 quokka zombies
  13 rats
  2 fulminant prisms (Snake:3)
  5 lost souls
3029 creatures vanquished.

Vanquished Creatures (collateral kills)
  3 golden dragons
  A bone dragon (Depths:5)
  2 tentacled monstrosities
  A titan (Vaults:5)
  An acid blob (Slime:6)
  A shadow dragon (Zig:12)
  A storm dragon (Zot:5)
  A tengu reaver (Vaults:5)
  A vault warden (Vaults:5)
  A draconian zealot (Zot:5)
  A war gargoyle (Crypt:3)
  A very ugly thing (Depths:2)
  2 white draconians
  A purple draconian (Zot:5)
  A deep elf annihilator (Elf:3)
  A yellow draconian (Zot:1)
  A jiangshi (Crypt:2)
  2 vault guards (Vaults:5)
  2 death oozes (Slime:6)
  A crystal guardian (Crypt:3)
  A great orb of eyes (Vaults:5)
  A hydra (Lair:1)
  A rakshasa (Depths:2)
  2 naga warriors (Zig:6)
  An ogre mage (Zig:11)
  A hell knight (Crypt:3)
  2 skeletal warriors (Crypt:3)
  An obsidian statue (Zig:10)
  A tengu zombie (Vaults:5)
  A phantasmal warrior (Vaults:5)
  2 ugly things (Vaults:1)
  A moth of wrath (Zig:9)
  A vault sentinel (Vaults:2)
  A guardian serpent (Zig:6)
  A black mamba (Zig:6)
  5 slime creatures
  An ettin zombie (Vaults:5)
  A boulder beetle (Vaults:5)
  A flying skull (Crypt:3)
  A redback (Vaults:5)
  2 water elementals (Depths:1)
  2 wargs
  A porcupine (shapeshifter) (Vaults:5)
  An eye of draining (Slime:6)
  A sheep (D:7)
  An orc (Vaults:4)
61 creatures vanquished.

Vanquished Creatures (others)
  An ancient lich (Vaults:5)
  A titan (Zig:11)
  A fire giant (Depths:2)
  A vault warden (Zig:11)
  A draconian zealot (Zot:4)
  A red draconian (Zot:1)
  A yaktaur captain (Depths:4)
  17 dancing weapons
  A necromancer (Depths:5)
  2 deep elf magi (Vaults:3)
  A black mamba (Zig:6)
  2 two-headed ogres
  A yak (D:7)
  A steam dragon (Zig:12)
  4 humans (D:15)
  A chaos spawn (Pan)
  3 swamp drakes (Zig:12)
  3 slaves (D:7)
  A boggart (Depths:2)
  A wolf (Lair:8)
  An ogre (Vaults:1)
  A wight (Dis:1)
  A hound (D:7)
  An orc wizard (Vaults:3)
  A sheep (Lair:8)
  A ball lightning (Pan)
  14 fulminant prisms
  19 fungi
  3 lost souls
  32 plants
  65 snaplasher vine segments
184 creatures vanquished.

Grand Total: 3274 creatures vanquished

Notes
Turn   | Place    | Note
--------------------------------------------------------------
     0 | D:1      | Chiseanne the Spriggan Assassin began the quest for the Orb.
     0 | D:1      | Reached XP level 1. HP: 10/10 MP: 2/2
   158 | D:1      | Reached skill level 2 in Dodging
   317 | D:1      | Reached XP level 2. HP: 15/15 MP: 3/3
   997 | D:2      | Reached XP level 3. HP: 18/18 MP: 4/4
  1004 | D:2      | Reached skill level 3 in Dodging
  1073 | D:2      | Noticed Sigmund
  1075 | D:2      | Killed Sigmund
  1075 | D:2      | Reached skill level 4 in Dodging
  1075 | D:2      | Reached XP level 4. HP: 23/23 MP: 5/5
  1075 | D:2      | Reached XP level 5. HP: 27/27 MP: 6/6
  1549 | D:2      | Found a shimmering altar of Xom.
  1900 | D:3      | Found a glowing golden altar of the Shining One.
  1983 | D:3      | Noticed Jessica
  1988 | D:3      | Killed Jessica
  1988 | D:3      | Reached XP level 6. HP: 28/32 MP: 7/7
  2098 | D:3      | Noticed an orc warrior
  2449 | D:3      | Killed an orc warrior
  2449 | D:3      | Reached skill level 5 in Dodging
  3157 | D:4      | Found Bikk's Distillery.
  3279 | D:4      | Reached XP level 7. HP: 35/36 MP: 8/8
  3589 | D:4      | Found Oxkohes's Book Shop.
  3669 | D:4      | Found a staircase to the Ecumenical Temple.
  3678 | Temple   | Entered the Ecumenical Temple
  3768 | Temple   | Became a worshipper of Gozag Ym Sagoz the Greedy
  3979 | D:4      | Found Anwy's Assorted Antiques.
  3987 | D:4      | Bought a viscous puce potion for 27 gold pieces
  3987 | D:4      | Bought a scroll labeled TOTUOMPOROYZ for 31 gold pieces
  3987 | D:4      | Bought a scroll of identify for 62 gold pieces
  4244 | D:4      | Reached skill level 6 in Dodging
  4347 | D:4      | Bought a potion of degeneration for 11 gold pieces
  4347 | D:4      | Bought a potion of curing for 33 gold pieces
  4385 | D:5      | Entered Level 5 of the Dungeon
  4452 | D:5      | Found a sacrificial altar of Ru.
  4703 | D:5      | Found a bloodstained altar of Trog.
  4819 | D:5      | Reached skill level 7 in Dodging
  4819 | D:5      | Reached XP level 8. HP: 38/42 MP: 9/9
  5292 | D:4      | Bought a potion of berserk rage for 55 gold pieces
  5292 | D:4      | Bought a potion of haste for 110 gold pieces
  5292 | D:4      | Bought a potion of lignification for 33 gold pieces
  5444 | D:6      | Reached skill level 10 in Stealth
  5649 | D:6      | Reached skill level 5 in Fighting
  5649 | D:6      | Reached skill level 8 in Dodging
  6158 | D:6      | Found an iron altar of Okawaru.
  6482 | D:7      | Reached skill level 5 in Throwing
  6641 | D:7      | Found a shattered altar of Ashenzari.
  6646 | D:7      | Noticed Pikel
  6687 | D:7      | Killed Pikel
  6687 | D:7      | Reached skill level 9 in Dodging
  6687 | D:7      | Reached XP level 9. HP: 29/48 MP: 10/10
  6993 | D:7      | Found a sparkling altar of Nemelex Xobeh.
  7165 | D:7      | Noticed Menkaure
  7175 | D:7      | Killed Menkaure
  7202 | D:7      | Found an opulent altar of Gozag.
  7202 | D:7      | Noticed an oklob plant
  7206 | D:7      | Killed an oklob plant
  7206 | D:7      | Reached skill level 10 in Dodging
  7607 | D:7      | Noticed a gargoyle
  7830 | D:7      | Found a basalt altar of Yredelemnul.
  8028 | D:8      | Found a flagged portal.
  8038 | Bailey   | Entered a bailey
  8068 | Bailey   | Noticed Chiseanne's ghost (novice SpAs)
  8186 | Bailey   | Killed Chiseanne's ghost
  8186 | Bailey   | Reached XP level 10. HP: 50/53 MP: 11/11
  9153 | D:8      | Reached skill level 11 in Dodging
  9592 | D:8      | Found Gunauwex's Antique Weapon Boutique.
  9657 | D:8      | Bought the +2 robe of Follow the Leader {MR+ Int+3 Dex+5} for 641 gold pieces
  9790 | D:4      | Bought a potion of curing for 33 gold pieces
  9790 | D:4      | Bought a potion of might for 44 gold pieces
  9790 | D:4      | Bought a potion of lignification for 33 gold pieces
 10375 | D:9      | Found a staircase to the Orcish Mines.
 10826 | D:9      | Found a white marble altar of Elyvilon.
 10829 | D:9      | Found an iron altar of Okawaru.
 10838 | D:9      | Found a deep blue altar of Sif Muna.
 10910 | D:10     | Entered Level 10 of the Dungeon
 11050 | D:10     | Noticed ciphuk's ghost (novice FeBe)
 11307 | D:9      | HP: 4/82 [slime creature (10)]
 12279 | D:10     | Reached skill level 12 in Dodging
 13200 | D:10     | Reached XP level 11. HP: 58/59 MP: 12/12
 13670 | D:11     | Noticed Fannar
 13690 | D:10     | Killed Fannar
 13822 | D:11     | Noticed Grum
 13893 | D:11     | Noticed a skeletal warrior
 13893 | D:11     | Noticed a skeletal warrior
 13898 | D:11     | Noticed a skeletal warrior
 13900 | D:11     | Noticed Harold
 13907 | D:11     | Noticed Erica
 14041 | D:11     | Reached skill level 15 in Stealth
 14116 | D:11     | Noticed a skeletal warrior
 14546 | D:11     | Found a staircase to the Lair.
 14592 | D:11     | Killed Erica
 14600 | D:11     | Noticed a green ugly thing
 14620 | D:11     | Killed a green ugly thing
 14998 | D:10     | Killed Grum
 15270 | D:10     | Reached skill level 13 in Dodging
 15972 | D:11     | Killed Harold
 15972 | D:11     | Reached skill level 5 in Short Blades
 17090 | D:13     | Noticed a deep elf mage
 17094 | D:13     | Killed a deep elf mage
 17094 | D:13     | Reached XP level 12. HP: 64/64 MP: 13/13
 17145 | D:13     | Found a runed door.
 17157 | D:13     | Found a runed door.
 17167 | D:13     | Found a runed door.
 17254 | D:13     | Found a runed door.
 17284 | D:13     | Found a gate to the Vaults.
 17604 | D:13     | Learned a level 8 spell: Controlled Blink
 17708 | D:11     | Reached skill level 14 in Dodging
 18039 | Lair:1   | Entered Level 1 of the Lair of Beasts
 18152 | Lair:1   | Noticed a five-headed hydra
 18195 | Lair:1   | Killed a five-headed hydra
 19420 | Lair:2   | Found a shadowy altar of Dithmenos.
 20663 | Lair:3   | Noticed a death yak
 20665 | Lair:3   | Noticed a death yak
 20715 | Lair:3   | Noticed a death yak
 20718 | Lair:3   | Noticed a death yak
 20719 | Lair:3   | Noticed a death yak
 20758 | Lair:3   | Killed a death yak
 20758 | Lair:3   | Reached skill level 10 in Throwing
 20763 | Lair:3   | Killed a death yak
 20799 | Lair:3   | Noticed a death yak
 20803 | Lair:3   | Killed a death yak
 20803 | Lair:3   | Reached skill level 15 in Dodging
 20806 | Lair:3   | Killed a death yak
 20808 | Lair:3   | Killed a death yak
 20810 | Lair:3   | Killed a death yak
 20855 | Lair:3   | Found a staircase to the Shoals.
 20882 | Lair:3   | Reached XP level 13. HP: 16/68 MP: 14/14
 22087 | Lair:4   | Found a staircase to the Snake Pit.
 23137 | Lair:5   | Found a dark tunnel.
 23147 | Volcano  | Entered a volcano
 24932 | Lair:6   | Reached skill level 16 in Dodging
 25722 | Lair:6   | Reached skill level 10 in Short Blades
 26190 | D:13     | Found Viagal's Magic Scroll Emporium.
 26218 | D:13     | Bought a scroll of enchant weapon for 82 gold pieces
 26218 | D:13     | Bought a scroll of identify for 22 gold pieces
 26218 | D:13     | Bought a scroll of identify for 22 gold pieces
 26218 | D:13     | Bought a scroll of teleportation for 33 gold pieces
 26218 | D:13     | Bought a scroll of teleportation for 33 gold pieces
 26328 | D:13     | Bought an uncursed amulet of guardian spirit for 450 gold pieces
 26971 | Lair:7   | Reached skill level 1 in Spellcasting
 27480 | Lair:7   | Found a staircase to the Slime Pits.
 27593 | Lair:8   | Entered Level 8 of the Lair of Beasts
 27962 | Lair:7   | Reached XP level 14. HP: 40/72 MP: 10/18
 29619 | Lair:7   | Reached skill level 17 in Dodging
 30348 | Lair:8   | Reached skill level 5 in Spellcasting
 30573 | Lair:8   | Found an oddly glowing altar of Pakellas.
 31489 | Lair:8   | Got a transparent greatsling
 31610 | Lair:8   | Identified the +4 greatsling of Rakhlu Teesch {flame, Dex+4} (You found it on level 8 of the Lair of Beasts)
 32495 | D:13     | Bought the ring "Jeurigib" {+Inv rC+ Slay+4} for 1485 gold pieces
 32510 | D:13     | Learned a level 1 spell: Apportation
 32890 | Orc:1    | Entered Level 1 of the Orcish Mines
 32945 | D:9      | Reached skill level 1 in Evocations
 33154 | Orc:1    | Found a roughly hewn altar of Beogh.
 34236 | Orc:2    | Entered Level 2 of the Orcish Mines
 34297 | Orc:2    | Noticed Maud
 34794 | Orc:2    | Killed Maud
 34794 | Orc:2    | Reached skill level 5 in Evocations
 34842 | Orc:2    | Noticed Snorg
 34855 | Orc:2    | Killed Snorg
 34855 | Orc:2    | Reached XP level 15. HP: 52/77 MP: 22/26
 35646 | D:9      | Bought the ring of Shadows {Umbra +Inv rN+ SInv} for 458 gold pieces
 36708 | Orc:2    | Found Gujaik's Jewellery Emporium.
 36709 | Orc:2    | Found Ygoa's Antique Weapon Emporium.
 36709 | Orc:2    | Found Gofusch's Magic Scroll Shoppe.
 36710 | Orc:2    | Found Biezidac's Jewellery Emporium.
 36719 | Orc:2    | Bought a scroll of identify for 24 gold pieces
 36719 | Orc:2    | Bought a scroll of identify for 24 gold pieces
 36719 | Orc:2    | Bought a scroll of identify for 24 gold pieces
 36720 | Orc:2    | Bought a cursed ring of loudness for 63 gold pieces
 36723 | Orc:2    | Bought a scroll of enchant weapon for 90 gold pieces
 36945 | Orc:2    | Found a staircase to the Elven Halls.
 37182 | D:9      | Bought the ring of Qaqiesef {-Tele rPois rF+ MR+ Dex+5} for 534 gold pieces
 37266 | Orc:2    | Bought a scroll of magic mapping for 42 gold pieces
 37438 | D:13     | Reached skill level 10 in Evocations
 37871 | D:13     | Noticed Rupert
 37889 | D:13     | Noticed Rupert
 37889 | D:13     | Rupert changed into Rupert the sphinx
 37891 | D:13     | Killed Rupert the sphinx
 38283 | D:13     | Identified Extidaipsa's Guide on Supportive Unholy Magic
 38506 | D:14     | Noticed Roxanne
 38526 | D:14     | Identified the Papyrus of Exhibitionism (You found it on level 14 of the Dungeon)
 38562 | D:14     | Identified a scroll of acquirement
 39074 | D:14     | Found a basalt altar of Yredelemnul.
 39587 | D:14     | Got a bound bronze ring
 39594 | D:14     | Identified the ring of Geipliac {rCorr rF+ SInv Stlth+} (You found it on level 14 of the Dungeon)
 39712 | D:14     | Noticed Agnes
 39725 | D:14     | Killed Agnes
 40996 | D:15     | Entered Level 15 of the Dungeon
 41014 | D:14     | Bought a wand of digging (14/24) for 504 gold pieces
 41047 | D:15     | Found a labyrinth entrance.
 41062 | Lab      | Entered a labyrinth
 41251 | Lab      | Reached XP level 16. HP: 81/81 MP: 27/27
 41271 | Lab      | Identified the Catalogue of Beguiling
 41278 | Lab      | Learned a level 3 spell: Confuse
 41281 | Lab      | Identified a +0 rod of clouds (9/9) (You found it in a labyrinth)
 41836 | D:15     | Noticed Kirke
 41837 | D:15     | Reached skill level 15 in Short Blades
 41838 | D:15     | Killed Kirke
 41867 | D:15     | Noticed Urug
 41872 | D:15     | Killed Urug
 41924 | D:15     | Found a staircase to the Depths.
 42571 | D:15     | Reached skill level 18 in Dodging
 42611 | D:15     | Learned a level 3 spell: Conjure Flame
 43371 | Shoals:1 | Entered Level 1 of the Shoals
 44626 | Shoals:4 | Entered Level 4 of the Shoals
 44690 | Shoals:4 | Reached skill level 1 in Slings
 45438 | Shoals:4 | Got a translucent scimitar
 45613 | Shoals:4 | Got a barnacled rune of Zot
 45906 | Shoals:3 | Reached XP level 17. HP: 85/85 MP: 31/31
 46221 | D:15     | Identified the +8 scimitar "Ariol" {freeze, Dex+4} (You found it on level 4 of the Shoals)
 46250 | Depths:1 | Entered Level 1 of the Depths
 46280 | Depths:1 | Reached skill level 19 in Dodging
 46324 | D:15     | Bought a scroll of enchant weapon for 105 gold pieces
 46324 | D:15     | Bought a scroll of identify for 28 gold pieces
 46324 | D:15     | Bought a scroll of magic mapping for 49 gold pieces
 46324 | D:15     | Bought a scroll of fog for 28 gold pieces
 46324 | D:15     | Bought a scroll of fog for 28 gold pieces
 46324 | D:15     | Bought a scroll of holy word for 105 gold pieces
 46324 | D:15     | Bought a scroll of teleportation for 42 gold pieces
 46324 | D:15     | Bought 3 scrolls of identify for 84 gold pieces
 46324 | D:15     | Bought 2 scrolls of identify for 56 gold pieces
 46690 | Depths:1 | Reached skill level 10 in Spellcasting
 46895 | Depths:1 | Reached skill level 5 in Slings
 47112 | Depths:1 | Found a gateway to Hell.
 47613 | Depths:1 | Noticed a caustic shrike
 47625 | Depths:1 | Killed a caustic shrike
 47883 | Depths:1 | Reached skill level 1 in Hexes
 48097 | Depths:1 | Reached skill level 20 in Dodging
 48119 | Depths:1 | Found a one-way gate to the infinite horrors of the Abyss.
 49023 | D:15     | Learned a level 3 spell: Static Discharge
 49306 | Depths:2 | Reached skill level 5 in Hexes
 49694 | Vaults:1 | Entered Level 1 of the Vaults
 49717 | Vaults:1 | Noticed Jorgrun
 49726 | Vaults:1 | Killed Jorgrun
 49814 | Vaults:1 | Reached XP level 18. HP: 70/89 MP: 20/33
 50135 | Vaults:1 | HP: 4/89 [fire crab] (15)]
 50635 | Vaults:2 | Found a staircase to the Crypt.
 50652 | Vaults:2 | Reached skill level 21 in Dodging
 53447 | Vaults:2 | Reached skill level 22 in Dodging
 53449 | Vaults:2 | Reached skill level 10 in Hexes
 53811 | Vaults:2 | Reached XP level 19. HP: 93/93 MP: 25/34
 54229 | D:15     | Learned a level 3 spell: Dazzling Spray
 54232 | D:15     | Learned a level 2 spell: Passwall
 54237 | D:15     | Learned a level 4 spell: Fulminant Prism
 54259 | D:15     | Bought a +3 rapier of venom for 348 gold pieces
 54505 | Snake:1  | Entered Level 1 of the Snake Pit
 54550 | Snake:1  | Reached skill level 1 in Translocations
 55677 | Snake:1  | You fall through a shaft!
 55681 | Snake:2  | Reached skill level 1 in Conjurations
 56781 | Snake:2  | Noticed ciphuk's ghost (adept DEFE)
 57189 | D:15     | Bought a warped robe for 210 gold pieces
 57190 | D:15     | Identified the +0 robe "Esutitir" {Int-4 Dex+5} (You bought it in a shop on level 15 of the Dungeon)
 57225 | D:15     | Learned a level 3 spell: Inner Flame
 57230 | D:15     | Learned a level 4 spell: Passage of Golubria
 58735 | Snake:2  | Noticed Frances
 58850 | Snake:2  | Reached skill level 23 in Dodging
 59937 | Snake:2  | Killed Frances
 59956 | Snake:2  | Killed ciphuk's ghost
 61431 | Snake:4  | Entered Level 4 of the Snake Pit
 61809 | Snake:4  | Reached skill level 5 in Conjurations
 61954 | Snake:4  | Reached XP level 20. HP: 87/98 MP: 34/38
 63256 | Snake:4  | Reached skill level 5 in Translocations
 63906 | Snake:4  | Got a serpentine rune of Zot
 64356 | D:15     | Bought the +3 crown of Dyrovepreva {rElec Int+2 SInv} for 496 gold pieces
 64385 | D:15     | Bought a potion of might for 48 gold pieces
 64385 | D:15     | Bought a potion of haste for 120 gold pieces
 64385 | D:15     | Bought a bread ration for 60 gold pieces
 64616 | Vaults:1 | Learned a level 2 spell: Blink
 64619 | Vaults:1 | Learned a level 2 spell: Shroud of Golubria
 64730 | Vaults:1 | Reached skill level 24 in Dodging
 66701 | Vaults:1 | Found Destriav's Armour Boutique.
 66736 | Vaults:1 | Bought the +1 robe "Yscheqayh" {rElec rPois rF+ Str+4} for 628 gold pieces
 67678 | Vaults:3 | Reached skill level 10 in Translocations
 67701 | Vaults:3 | Reached skill level 15 in Spellcasting
 67845 | Vaults:3 | Identified a +5 rod of shadows (11/11) (You found it on level 3 of the Vaults)
 68157 | Vaults:3 | Reached XP level 21. HP: 102/102 MP: 41/41
 68508 | Vaults:3 | Reached skill level 25 in Dodging
 68531 | Vaults:3 | Noticed Xtahua
 68537 | Vaults:3 | Killed Xtahua
 69526 | Vaults:3 | Reached skill level 26 in Dodging
 70029 | Vaults:3 | Gained mutation: Your spells are a little easier to cast, but a little less powerful. [mutagenic glow]
 70418 | D:15     | Bought a glowing cloak for 76 gold pieces
 70446 | D:15     | Bought a fabulously ornate robe for 96 gold pieces
 70447 | D:15     | Identified the +2 robe of the Beggar {MR- rCorr Slay+5} (You bought it in a shop on level 15 of the Dungeon)
 70510 | D:15     | Learned a level 6 spell: Dispersal
 70516 | D:15     | Learned a level 5 spell: Silence
 70783 | Elf:1    | Entered Level 1 of the Elven Halls
 71517 | Elf:1    | Found Laeg's Jewellery Boutique.
 71533 | Elf:1    | Bought a cursed amulet of inaccuracy for 26 gold pieces
 71533 | Elf:1    | Bought a cursed -3 ring of strength for 26 gold pieces
 72068 | Elf:2    | Reached skill level 27 in Dodging
 72344 | Elf:2    | Found a runed gate.
 72344 | Elf:2    | Found a runed gate.
 72345 | Elf:2    | Found a runed gate.
 72625 | Elf:3    | Entered Level 3 of the Elven Halls
 72875 | Elf:3    | Found Tezuxax's Distillery.
 72892 | Elf:3    | Bought a potion of cancellation for 112 gold pieces
 72892 | Elf:3    | Bought a potion of curing for 42 gold pieces
 72892 | Elf:3    | Bought a potion of haste for 140 gold pieces
 72892 | Elf:3    | Bought a potion of curing for 42 gold pieces
 72892 | Elf:3    | Bought a potion of heal wounds for 70 gold pieces
 72892 | Elf:3    | Bought a potion of ambrosia for 112 gold pieces
 72892 | Elf:3    | Bought 2 potions of resistance for 280 gold pieces
 72892 | Elf:3    | Bought a potion of flight for 42 gold pieces
 72892 | Elf:3    | Bought a potion of curing for 42 gold pieces
 72892 | Elf:3    | Bought a potion of magic for 112 gold pieces
 73551 | Elf:3    | Noticed Donald
 73588 | Elf:3    | Killed Donald
 73917 | Elf:3    | Found a deep blue altar of Sif Muna.
 74698 | Elf:3    | Reached skill level 15 in Translocations
 74703 | Elf:3    | Noticed Aizul
 74714 | Elf:3    | Reached XP level 22. HP: 99/106 MP: 38/42
 74748 | Elf:3    | Killed Aizul
 75101 | Elf:3    | Got a bound glass ring
 75102 | Elf:3    | Identified the ring of Intu {+Inv rPois MP+9 Int-4 SInv} (You took it off a deep elf high priest on level 3 of the Elven Halls)
 75709 | Elf:3    | Identified Hymudwek's Guide on Attacks
 75736 | Elf:3    | Identified Ceentoas's Collected Works on Virous Heat
 75739 | Elf:3    | Identified the Guide on Unholy Secrets and Transformation
 75921 | Elf:3    | Got an ancient greatsling
 75922 | Elf:3    | Identified the +6 greatsling "Rohee" {velocity, Int+2} (You found it on level 3 of the Elven Halls)
 76239 | D:15     | Learned a level 5 spell: Summon Forest
 77447 | Vaults:4 | Noticed Jory
 77454 | Vaults:4 | Killed Jory
 77487 | Vaults:4 | Noticed Saint Roka
 78011 | Vaults:4 | Gained mutation: You are frail (-10% HP). [mutagenic glow]
 78855 | Vaults:4 | Gained mutation: You are clumsy. (Dex -2) [mutagenic glow]
 78882 | Vaults:4 | Killed Saint Roka
 78894 | Vaults:4 | Got a scorched war axe {drain}
 78896 | Vaults:4 | Identified the +2 war axe of the Realm of Zot {drain, +Inv} (You took it off Saint Roka on level 4 of the Vaults)
 79225 | Vaults:4 | Found Noiluh's Gadget Boutique.
 79435 | Vaults:5 | Entered Level 5 of the Vaults
 79582 | Vaults:5 | Noticed Frederick
 79589 | Vaults:5 | Killed Frederick
 79603 | Vaults:5 | Noticed ciphuk's ghost (veteran MfMo)
 79681 | Vaults:5 | Noticed a golden dragon
 79978 | Vaults:5 | Noticed a golden dragon
 79981 | Vaults:5 | Noticed an ancient lich
 81377 | Vaults:5 | Noticed a golden dragon
 81701 | Vaults:5 | Found Jufaj's Antique Armour Shoppe.
 81712 | Vaults:5 | Bought a glowing cloak for 90 gold pieces
 82235 | Vaults:5 | Reached XP level 23. HP: 99/99 MP: 38/44
 82238 | Vaults:5 | Got a brightly glowing robe
 82243 | Vaults:5 | Identified the cursed +1 robe of Fun {rN+ Dex+3} (You took it off an ironheart preserver on level 5 of the Vaults)
 83253 | D:4      | Bought a manual of Short Blades for 1214 gold pieces
 83703 | Vaults:5 | Got a coiled bone amulet
 83891 | Vaults:5 | Identified the amulet "Bybeny" {+Blink Regen+} (You found it on level 5 of the Vaults)
 84185 | Vaults:5 | Killed an ancient lich
 85648 | Vaults:5 | Identified the Tome of Intoxication and Transformation
 85673 | Vaults:5 | Learned a level 2 spell: Repel Missiles
 85882 | Vaults:5 | Got a scorched war axe {chop}
 85883 | Vaults:5 | Identified the +12 war axe of the First Deaths {chop, Str+2} (You took it off an ironbrand convoker on level 5 of the Vaults)
 86157 | Vaults:5 | Got a silver rune of Zot
 87052 | Vaults:5 | Killed ciphuk's ghost
 88595 | Depths:2 | Found a shattered altar of Ashenzari.
 88596 | Depths:2 | Found a basalt altar of Yredelemnul.
 88596 | Depths:2 | Found an oddly glowing altar of Pakellas.
 88598 | Depths:2 | Found a gateway to a ziggurat.
 89153 | Depths:2 | Noticed a caustic shrike
 89488 | D:15     | Chiseanne: hi
 89488 | D:15     | bierdeckelkanne: hi
 89488 | D:15     | Chiseanne: läuft nicht besonders gut :-/
 89606 | Depths:2 | bierdeckelkanne: nicht das ich es wüsste, war noch nie depth :P
 89606 | Depths:2 | bierdeckelkanne: aber will mal enchanter ausprobieren
 89606 | Depths:2 | Chiseanne: eine gute wahl für den anfang
 89606 | Depths:2 | Chiseanne: spriggans machen sich da auch besonders gut
 89675 | Depths:2 | Chiseanne: aber wsind auch ein bischen dünnhäutig
 90191 | Depths:2 | bierdeckelkanne: aber richtig schnell dafür
 90193 | Depths:2 | bierdeckelkanne: kommt das von items oder ist das die rasse?
 90193 | Depths:2 | Chiseanne: eben..ist schon ein vorteil
 90193 | Depths:2 | Chiseanne: rasse
 90193 | Depths:2 | Chiseanne: und darüberhinaus lernen die schnell
 90193 | Depths:2 | Chiseanne: schleichen zb..+5
 90193 | Depths:2 | bierdeckelkanne: jo
 90657 | Depths:3 | Found a one-way gate leading to the halls of Pandemonium.
 91052 | Depths:3 | Reached XP level 24. HP: 80/107 MP: 35/45
 91985 | Depths:3 | bierdeckelkanne: hast du nen spell der dich unsichtbar macht?
 91987 | Depths:3 | Chiseanne: einen Gegenstand
 91987 | Depths:3 | Chiseanne: der ring
 91987 | Depths:3 | bierdeckelkanne: das kostet nichts?
 91987 | Depths:3 | Chiseanne: 2 MP und Hunger
 91987 | Depths:3 | bierdeckelkanne: ok ist aber schon relativ billig
 91987 | Depths:3 | bierdeckelkanne: was passiert bei versagen?
 91987 | Depths:3 | Chiseanne: ja das geht
 91987 | Depths:3 | bierdeckelkanne: nur contam oder werden 10 monster beschworen die alle berserk sind? :P
 91987 | Depths:3 | Chiseanne: für spriggans oder gozak anhänger wiederum ist es schon teuer
 91987 | Depths:3 | Chiseanne: spriggans essen ja nur brot und pizza haha
 91987 | Depths:3 | Chiseanne: omg nee :D
 91987 | Depths:3 | Chiseanne: nur contam
 91987 | Depths:3 | bierdeckelkanne: ok deswegen benutzt du es nur im notfall
 91987 | Depths:3 | bierdeckelkanne: dachte zuerst du hast so viele potions wegen gozag
 91987 | Depths:3 | Chiseanne: so oft ich kann aber ich vesuche es zu vermeiden ja
 91987 | Depths:3 | bierdeckelkanne: ok
 91987 | Depths:3 | Chiseanne: nein, die effekte von dem sind viel zu teuer um sie regelmässig zu nutzen
 91987 | Depths:3 | Chiseanne: ich verusche nur an zeugs heranzukommen indem ich shops eröffne
 92067 | Depths:3 | bierdeckelkanne: meinte ich ja, ganz viele trank shops lol
 92067 | Depths:3 | Chiseanne: controlled blink..ich trau mich kaum den zu benutzen haha
 92067 | Depths:3 | Chiseanne: nee, eher hardware ;-) aber das meinte ich vorhin mit läuft nicht besonders..shops waren alle billig
 92067 | Depths:3 | Chiseanne: und spriggans haben ja nur 4 slots
 92150 | Depths:3 | Reached skill level 10 in Fighting
 92405 | Depths:2 | Chiseanne: die rods kosten auch hunger
 92938 | Depths:2 | HP: 4/108 [fire giant/fireball (8)]
 93354 | Depths:2 | bierdeckelkanne: spanned ist es immerhin ;)
 93376 | Depths:2 | Chiseanne: hehe ..ist aber auch schwierig hier unten
 93406 | Depths:2 | Chiseanne: was spielst du am liebsten?
 93600 | Depths:2 | Chiseanne: also welche kombo
 93840 | Depths:2 | bierdeckelkanne: habe wie alle vorschlagen mit mibe angefangen
 93863 | Depths:2 | bierdeckelkanne: und während ich auch jetzt meine erste rune gefunden habe, will ich lieber mit spells spielen
 93863 | Depths:2 | Chiseanne: ja die gehen recht gut
 93863 | Depths:2 | Chiseanne: mag ich eigentlich auch am liebsten
 93863 | Depths:2 | bierdeckelkanne: und dann wurde mir Spriggan enchanter gezeigt
 93863 | Depths:2 | Chiseanne: mein favorit ist da demonspawn wizard
 93863 | Depths:2 | Chiseanne: spriggan enchanter ist im grunde ein assasin mit magischen fähigkeiten. jedenfalls sehe ich das so
 95313 | Depths:2 | bierdeckelkanne: was heißt das herz bei dem?
 95313 | Depths:2 | Got a tattered robe
 95314 | Depths:2 | Chiseanne: das der mir gegenüber freundlich ist
 95314 | Depths:2 | Chiseanne: den habe ich beschworen
 95314 | Depths:2 | bierdeckelkanne: haben aber orgs bei beogh nicht
 95314 | Depths:2 | Chiseanne: hmm weiß grd nicht..hab das lange nicht mehr gespielt
 95314 | Depths:2 | bierdeckelkanne: ok kd^^
 95314 | Depths:2 | Chiseanne: beogh ist witzig am anfang aber später taugen die nichts mehr
 95314 | Depths:2 | bierdeckelkanne: in der tat
 95357 | Depths:2 | bierdeckelkanne: und leider werden dir die orcs auch sympathisch, was fatal ist in roguelikes
 95359 | Depths:2 | Chiseanne: warum?
 95359 | Depths:2 | bierdeckelkanne: wenn du anfängst sie zu mögen
 95359 | Depths:2 | Chiseanne: :D ok
 95362 | Depths:2 | bierdeckelkanne: es tut weh wenn sie alle wie die fliegen verrecken
 95383 | Depths:2 | Chiseanne: ja das stimmt außerdem kann man denen auch die artefaktwaffen geben die man nicht braucht und dann tut es um so mehr weh
 96962 | Depths:4 | Gained mutation: You are weak. (Str -2) [a neqoxec]
 97037 | Depths:4 | Found a glowing silver altar of Zin.
 97473 | Depths:4 | Got a scintillating marble ring
 97474 | Depths:4 | Identified the ring "Sifrireri" {Dex+5 Stlth+} (You found it on level 4 of the Depths)
 97476 | Depths:4 | Identified the +1 robe "Woibrula" {rC+} (You took it off a spriggan defender on level 2 of the Depths)
 97774 | Depths:4 | Reached XP level 25. HP: 108/115 MP: 45/47
 97950 | Depths:5 | Entered Level 5 of the Depths
 97991 | Depths:5 | Reached skill level 15 in Throwing
 98465 | Depths:5 | Noticed the Enchantress
 98970 | Depths:4 | Killed the Enchantress
 98990 | Depths:4 | Got a faerie dragon armour
 98991 | Depths:4 | Identified the +4 faerie dragon armour {rF+ Int+4} (You took it off the Enchantress on level 4 of the Depths)
 99648 | Depths:5 | Found Duddevve's Assorted Antiques.
 99656 | Depths:5 | Bought a crude iron ring for 160 gold pieces
 99656 | Depths:5 | Bought a scroll of identify for 64 gold pieces
 99660 | Depths:5 | Identified the ring "Getorusch" {Ice MR+ Dex-5 Slay+5 Stlth+} (You bought it in a shop on level 5 of the Depths)
 99667 | Depths:5 | bierdeckelkanne: wie viel evo hast du eigentlich?
 99667 | Depths:5 | Bought a scroll of blinking for 240 gold pieces
 99667 | Depths:5 | Bought a scroll of identify for 64 gold pieces
 99667 | Depths:5 | Bought a tiny copper amulet for 160 gold pieces
 99667 | Depths:5 | Bought a potion of brilliance for 128 gold pieces
 99667 | Depths:5 | Bought a scroll of magic mapping for 112 gold pieces
 99667 | Depths:5 | bierdeckelkanne: ich frag wegen den rods
 99667 | Depths:5 | Chiseanne: 2
 99667 | Depths:5 | bierdeckelkanne: im ernst
 99667 | Depths:5 | bierdeckelkanne: evo?
 99667 | Depths:5 | bierdeckelkanne: skill
 99667 | Depths:5 | bierdeckelkanne: ah danke
 99667 | Depths:5 | bierdeckelkanne: sind ja relativ stark für "nur" 13
 99667 | Depths:5 | Chiseanne: könnte gerne mehr..ich arbeite dran ;-)
 99667 | Depths:5 | Chiseanne: ja
100182 | Depths:5 | Found a runed door.
100182 | Depths:5 | Found a runed door.
100193 | Depths:5 | Found a runed door.
100243 | Depths:5 | Found a gate to the Realm of Zot.
100431 | Depths:5 | Found a runed door.
100642 | Depths:5 | Found a runed door.
100666 | Depths:5 | Found a runed door.
101762 | D:15     | bierdeckelkanne: wow eigentlich nur 5 level, aber hat echt gedauert
101762 | D:15     | bierdeckelkanne: wp, ich hau den jetzt ab
101762 | D:15     | Chiseanne: ja die haben es in sich
101762 | D:15     | Chiseanne: ok bye
101794 | D:15     | Bought the macabre finger necklace {rN+} for 261 gold pieces
102136 | Crypt:1  | Entered Level 1 of the Crypt
102164 | Crypt:1  | Noticed Margery
102182 | Crypt:1  | Reached skill level 1 in Shields
102195 | Crypt:1  | Killed Margery
102680 | Crypt:3  | Entered Level 3 of the Crypt
103709 | Crypt:3  | Noticed Sojobo
104018 | Crypt:2  | Chiseanne: gotta go sleep..gnight
104111 | Crypt:2  | HP: 2/117 [Sojobo/the air (33)]
104650 | Crypt:2  | Killed Sojobo
105710 | Crypt:3  | Noticed an ancient lich
105790 | Crypt:3  | Killed an ancient lich
105790 | Crypt:3  | Reached skill level 5 in Shields
105816 | Crypt:3  | Reached XP level 26. HP: 48/121 MP: 49/49
106280 | Crypt:3  | Got a coiled bronze ring
106284 | Crypt:3  | Identified the ring of Qazlal's Displeasure {rElec rC- rN+ SInv Stlth+} (You took it off a skeletal warrior on level 3 of the Crypt)
106569 | Crypt:3  | Got a faintly glowing golden ring
106570 | Crypt:3  | Got a jewelled short sword {speed}
106584 | Crypt:3  | Identified the ring "Vaqot" {rElec rPois rN+ Int+6} (You took it off a necromancer on level 3 of the Crypt)
106585 | Crypt:3  | Identified the +6 short sword "Ukla" {speed, Str+2 Int+3} (You took it off a necromancer on level 3 of the Crypt)
107306 | Crypt:3  | Found a staircase to the Tomb.
107488 | Crypt:3  | Found an ancient bone altar of Kikubaaqudgha.
108495 | Zig:1    | Entered Level 1 of a ziggurat
108527 | Zig:2    | Entered Level 2 of a ziggurat
108720 | Zig:3    | Entered Level 3 of a ziggurat
108890 | Zig:4    | Entered Level 4 of a ziggurat
108925 | Zig:5    | Entered Level 5 of a ziggurat
109100 | Zig:6    | Entered Level 6 of a ziggurat
109251 | Zig:6    | Identified Mubrujyga's Collected Works on Air and Talismans
109253 | Zig:6    | Identified the Almanac of Feathers and Stones
109263 | Zig:6    | Reached XP level 27. HP: 114/125 MP: 50/50
109306 | Zig:7    | Entered Level 7 of a ziggurat
109504 | Zig:8    | Entered Level 8 of a ziggurat
109678 | Zig:9    | Entered Level 9 of a ziggurat
109872 | Zig:9    | Identified the Catalogue of Enchanting Boosts
109877 | Zig:9    | Got a crude spear
109884 | Zig:9    | Learned a level 3 spell: Ozocubu's Armour
109916 | Zig:10   | Entered Level 10 of a ziggurat
110121 | Zig:11   | Entered Level 11 of a ziggurat
110187 | Zig:11   | Reached skill level 10 in Shields
110317 | Zig:11   | Got a warped bone amulet
110318 | Zig:11   | Identified the amulet of Wishful Thinking {Harm *Drain rN+ SInv Stlth+} (You found it on level 11 of a ziggurat)
110329 | Zig:12   | Entered Level 12 of a ziggurat
110804 | Zig:12   | Identified the Volume of Hexes (You found it on level 12 of a ziggurat)
110808 | Zig:13   | Entered Level 13 of a ziggurat
111072 | D:15     | Lost mutation: You are clumsy. (Dex -2) [potion of cure mutation]
111072 | D:15     | Lost mutation: You are weak. (Str -2) [potion of cure mutation]
111074 | D:15     | Lost mutation: You are frail (-10% HP). [potion of cure mutation]
111074 | D:15     | Lost mutation: Your spells are a little easier to cast, but a little less powerful. [potion of cure mutation]
111363 | D:4      | Bought a manual of Poison Magic for 1214 gold pieces
111617 | Slime:1  | Entered Level 1 of the Pits of Slime
111627 | Slime:1  | Reached skill level 1 in Poison Magic
111890 | Slime:2  | Reached skill level 5 in Poison Magic
112712 | Slime:6  | Entered Level 6 of the Pits of Slime
113012 | Slime:6  | Reached skill level 10 in Poison Magic
113630 | Slime:6  | Found a viscous altar of Jiyva.
113651 | Slime:6  | Noticed the Royal Jelly
114213 | Slime:6  | Killed the Royal Jelly
115298 | Slime:6  | Got a smoking cloak
115299 | Slime:6  | Identified the +2 cloak of the Dungeon {Int+6} (You found it on level 6 of the Pits of Slime)
115326 | Slime:6  | Got a slimy rune of Zot
115383 | Slime:6  | Identified the Catalogue of Fetching Talismans
115385 | Slime:6  | Identified the Handbook of Cold and Flames
115401 | Slime:6  | Got a faintly glowing broad axe
115881 | D:15     | Identified the cursed +1 broad axe of Wrath {chop, +Inv rElec Str+7} (You found it on level 6 of the Pits of Slime)
116139 | D:15     | Learned a level 6 spell: Haste
116145 | D:15     | Learned a level 5 spell: Yara's Violent Unravelling
116566 | Zot:1    | Entered Level 1 of the Realm of Zot
118218 | Depths:5 | Bought a faintly glowing buckler for 494 gold pieces
118218 | Depths:5 | Bought a potion of agility for 208 gold pieces
118218 | Depths:5 | Bought a potion of heal wounds for 260 gold pieces
118218 | Depths:5 | Bought a scroll of teleportation for 156 gold pieces
118218 | Depths:5 | Bought a scroll of identify for 104 gold pieces
118218 | Depths:5 | Bought a scroll of identify for 104 gold pieces
118219 | Depths:5 | Identified the +3 buckler of Hopscotch {rElec MR+ Int-4} (You bought it in a shop on level 5 of the Depths)
118226 | Depths:5 | Bought a runed buckler for 234 gold pieces
119626 | Zot:2    | Reached skill level 15 in Shields
122728 | Zot:5    | Entered Level 5 of the Realm of Zot
123374 | Hell     | Entered the Vestibule of Hell
123374 | Hell     | Noticed Geryon
123381 | Hell     | Killed Geryon
123444 | Hell     | Found a gateway to the Iron City of Dis.
123449 | Dis:1    | Entered Level 1 of the Iron City of Dis
124181 | Dis:1    | HP: 3/140 [frost giant zombie[the effects of Hell] (12)]
125007 | D:15     | Learned a level 3 spell: Regeneration
125076 | D:15     | Learned a level 8 spell: Disjunction
125086 | D:15     | Learned a level 5 spell: Aura of Abjuration
125248 | Pan      | Entered Pandemonium
125371 | Pan      | Noticed Qifoolow the pandemonium lord
125388 | Pan      | Found an exit through the horrors of the Abyss.
125444 | Pan      | Found an exit through the horrors of the Abyss.
125588 | Pan      | Gained mutation: You are dopey. (Int -2) [a cacodemon]
125692 | Pan      | Gained mutation: You are very dopey. (Int -4) [a cacodemon]
125896 | Pan      | Noticed Qymesid the pandemonium lord
125920 | Pan      | Identified the Incunabulum of the Noxious Volcanoes
125946 | Pan      | Found an exit through the horrors of the Abyss.
125969 | Pan      | Noticed Voasosko the pandemonium lord
125973 | Pan      | Killed Voasosko the pandemonium lord
125984 | Pan      | HP: 4/140 [sun demon[a balrug] (5)]
125992 | Pan      | HP: 7/140 [balrug/divine providence[a shadow demon] (14)]
126004 | Pan      | Gained mutation: You occasionally shout uncontrollably at your foes. [mutagenic glow]
126023 | Pan      | Noticed Mennas
126348 | Pan      | Found an exit through the horrors of the Abyss.
126721 | Pan      | Found an exit through the horrors of the Abyss.
126841 | Pan      | Found an exit through the horrors of the Abyss.
127034 | Pan      | Found an exit through the horrors of the Abyss.
127197 | Pan      | Found an exit through the horrors of the Abyss.
127278 | Pan      | Found a runed door.
127286 | Pan      | Found an exit through the horrors of the Abyss.
127339 | Pan      | Noticed Bidi the pandemonium lord
127405 | Pan      | Gained mutation: You are clumsy. (Dex -2) [a neqoxec]
127410 | Pan      | Found an exit through the horrors of the Abyss.
127521 | Pan      | Noticed Vesoxtump the pandemonium lord
127530 | Pan      | Entered the realm of Lom Lobon.
127948 | Pan      | Noticed Lom Lobon
127980 | Pan      | Killed from afar by Lom Lobon

Skill      XL: |  1  2  3  4  5  6  7  8  9 10 11 12 13 14 15 16 17 18 19 20 21 22 23 24 25 26 27 |
---------------+----------------------------------------------------------------------------------+-----
Dodging        | 2 4 5 7 9 10 12 13 15 16 17 18 20 22 23 24 27 | 27.0
Stealth        | 6 7 8 9 11 12 14 16 17 18 19 20 22 23 24 | 24.0
Fighting       | 2 3 4 5 6 7 9 11 12 13 | 13.1
Throwing       | 3 4 5 6 7 9 10 11 12 13 14 16 | 16.6
Short Blades   | 5 8 10 13 16 20 | 20.6
Spellcasting   | 2 7 9 10 13 15 16 17 19 21 22 23 | 23.4
Evocations     | 6 13 14 | 14.0
Slings         | 4 6 |  6.5
Hexes          | 5 10 | 10.5
Translocations | 3 10 15 21 | 21.0
Conjurations   | 5 |  5.2
Shields        | 5 8 17 | 17.8
Charms         | 4 7 |  7.3
Poison Magic   | 13 | 13.4
Armour         | |  0.1

Action                   |  1- 3 |  4- 6 |  7- 9 | 10-12 | 13-15 | 16-18 | 19-21 | 22-24 | 25-27 || total
-------------------------+-------+-------+-------+-------+-------+-------+-------+-------+-------++-------
Melee: Short sword       |    50 |   112 |   198 |   261 |   933 |    54 |       |       |       ||  1608
       Dagger            |     2 |       |   169 |   650 |  1405 |   395 |    15 |       |       ||  2636
       Demon blade       |       |       |       |       |    13 |       |       |    40 |     1 ||    54
       Mace              |       |       |       |       |     2 |       |       |       |       ||     2
       Rapier            |       |       |       |       |    45 |   894 |  1653 |  1710 |  2930 ||  7232
       Falchion          |       |       |       |       |       |       |       |    24 |   161 ||   185
       Scimitar          |       |       |       |       |       |       |       |       |    16 ||    16
       Quick blade       |       |       |       |       |       |       |       |       |    46 ||    46
 Fire: Blowgun           |       |    24 |     6 |    17 |    49 |       |    16 |    16 |     5 ||   133
       Shortbow          |       |       |       |       |    39 |       |       |       |       ||    39
       Greatsling        |       |       |       |       |    44 |    18 |       |       |       ||    62
Throw: Stone             |       |     1 |       |       |       |       |       |       |       ||     1
       Tomahawk          |       |       |    21 |    39 |   241 |    76 |   260 |   191 |   271 ||  1099
       Throwing net      |       |       |       |    12 |     6 |       |       |    17 |    29 ||    64
 Cast: Apportation       |       |       |       |       |     7 |       |     4 |       |    14 ||    25
       Confuse           |       |       |       |       |       |    76 |   120 |   165 |    94 ||   455
       Dazzling Spray    |       |       |       |       |       |       |    87 |   185 |    59 ||   331
       Fulminant Prism   |       |       |       |       |       |       |    16 |       |       ||    16
       Conjure Flame     |       |       |       |       |       |       |     2 |     2 |       ||     4
       Passage of Golubr |       |       |       |       |       |       |     3 |     1 |     7 ||    11
       Shroud of Golubri |       |       |       |       |       |       |     2 |    32 |    57 ||    91
       Inner Flame       |       |       |       |       |       |       |     1 |       |       ||     1
       Dispersal         |       |       |       |       |       |       |       |    21 |    33 ||    54
       Static Discharge  |       |       |       |       |       |       |       |     7 |     8 ||    15
       Summon Forest     |       |       |       |       |       |       |       |     3 |       ||     3
       Controlled Blink  |       |       |       |       |       |       |       |     3 |    56 ||    59
       Blink             |       |       |       |       |       |       |       |     1 |       ||     1
       Repel Missiles    |       |       |       |       |       |       |       |     3 |     5 ||     8
       Regeneration      |       |       |       |       |       |       |       |       |    25 ||    25
       Ozocubu's Armour  |       |       |       |       |       |       |       |       |    21 ||    21
       Passwall          |       |       |       |       |       |       |       |       |     2 ||     2
Invok: Call Merchant     |       |       |       |     2 |     4 |     1 |     4 |     1 |     3 ||    15
       Potion Petition   |       |       |       |     1 |       |       |       |     2 |     2 ||     5
 Abil: Evoke Invisibilit |       |       |       |       |     3 |    10 |    19 |    20 |    12 ||    64
Evoke: Wand              |       |       |     2 |    12 |    10 |    31 |    20 |    35 |    25 ||   135
       Sack of spiders   |       |       |       |     7 |     3 |       |       |     4 |     8 ||    22
       Lamp of fire      |       |       |       |       |     3 |     5 |     2 |     6 |     4 ||    20
       Deck              |       |       |       |       |    11 |       |       |     1 |     7 ||    19
       Rod               |       |       |       |       |       |     1 |    17 |    59 |    95 ||   172
       Stone of tremors  |       |       |       |       |       |     2 |     2 |     2 |     1 ||     7
       Phial of floods   |       |       |       |       |       |       |       |     5 |     3 ||     8
       Box of beasts     |       |       |       |       |       |       |       |       |     2 ||     2
       Phantom mirror    |       |       |       |       |       |       |       |       |     1 ||     1
  Use: Scroll            |     3 |     7 |     6 |    14 |    16 |    13 |    13 |    36 |    31 ||   139
       Potion            |       |       |     1 |     7 |     4 |     6 |     6 |    16 |    27 ||    67
 Stab: Sleeping          |    10 |    16 |    35 |    76 |   126 |   127 |   105 |    73 |   182 ||   750
       Distracted        |       |     1 |     5 |    18 |    47 |    29 |    62 |    56 |    82 ||   300
       Held in net/web   |       |       |     1 |     5 |     6 |       |       |     9 |    10 ||    31
       Invisible         |       |       |     9 |    18 |    20 |    17 |   118 |   129 |    57 ||   368
       Confused          |       |       |       |       |     2 |    51 |    53 |    75 |    56 ||   237
       Petrifying        |       |       |       |       |       |       |       |     1 |       ||     1
  Eat: Fruit             |       |       |     4 |       |    24 |     7 |     8 |     3 |    14 ||    60
       Royal jelly       |       |       |     2 |       |     1 |     1 |     1 |       |       ||     5
       Pizza             |       |       |       |     9 |     2 |     3 |       |     1 |     4 ||    19
       Bread ration      |       |       |       |       |       |       |     5 |    10 |    15 ||    30
Armor: Robe              |     3 |     5 |    50 |    42 |   117 |    43 |    42 |    64 |   168 ||   534
       Skin              |       |       |       |    46 |       |       |       |       |       ||    46
Dodge: Dodged            |    32 |    79 |   335 |   904 |  2132 |  1105 |  1347 |  1765 |  2893 || 10592
       Deflected         |       |       |       |       |       |       |       |     2 |    34 ||    36
Block: Buckler           |       |       |       |       |       |       |       |       |  1428 ||  1428
